[Event "Titled Tuesday Blitz October 26 2021"]
[White "Baskin, Robert"]
[Black "Moroni, Luca Jr"]
[WhiteFideId "24662402"]
[BlackFideId "865834"]
[WhiteElo "2521"]
[BlackElo "2491"]
[Result "1-0"]
[Round "08"]
[TimeControl "180+1"]
[Date "2021.10.26"]
[WhiteClock "0:00:07"]
[BlackClock "0:00:02"]

1. e4 g6 2. d4 Bg7 3. Nc3 d6 4. f4 Nf6 5. Nf3 O-O 6. Bd3 Nc6 7. e5 dxe5 8. fxe5 Nd5 9. Nxd5 Qxd5 10. c3 Bg4 11. Qe2 Bxf3 12. Qxf3 Qxf3 13. gxf3 f6 14. f4 Bh6 15. Ke2 fxe5 16. fxe5 Bxc1 17. Raxc1 e6 18. Rhf1 Rxf1 19. Rxf1 Rf8 20. Rxf8+ Kxf8 21. Be4 Nd8 22. Ke3 Ke7 23. Kf4 b6 24. b4 Nf7 25. h4 Nh6 26. h5 gxh5 27. Kg5 Ng4 28. Kxh5 Ne3 29. Kg5 Nd1 30. c4 Nc3 31. Bxh7 Nxa2 32. b5 Nb4 33. Be4 a5 34. bxa6 Nxa6 35. Kf4 Kd7 36. Ke3 c6 37. Kd2 b5 38. Kc3 bxc4 39. Kxc4 Nc7 40. Kc5 Na6+ 41. Kb6 Nb4 42. Kb7 Ke7 43. Kc7 Na6+ 44. Kxc6 Nb8+ 45. Kc7 Nd7 46. Bc2 Nf8 47. Be4 Nd7 48. Kc6 Nf8 49. Kb5 Nd7 50. Kc4 Nf8 51. Kd3 Nd7 52. Bc6 Nf8 53. Ke4 Ng6 54. Bb5 Kf7 55. Kf3 Ne7 56. Bc4 Nc6 57. Ke4 Ke7 58. Bb5 Nb4 59. Ke3 Nd5+ 60. Kd3 Nf4+ 61. Kc4 Nd5 62. Kc5 Ne3 63. Bc4 Nf5 64. Bd3 Ne3 65. Kb4 Nd5+ 66. Kc4 Nb6+ 67. Kc5 Nd5 68. Be4 Nf4 69. Kc4 Nh5 70. Kc3 Ng7 71. Bg6 Kf8 72. Kb4 Ke7 73. Kc5 Kd7 74. Kb6 Kd8 75. Kc6 Ke7 76. Kc7 1-0


[Site "https://www.chess.com"]

[Event "Titled Tuesday Blitz October 26 2021"]
[White "Beerdsen, Thomas"]
[Black "Hakobyan, Aram"]
[WhiteFideId "1030108"]
[BlackFideId "13306677"]
[WhiteElo "2585"]
[BlackElo "2557"]
[Result "1-0"]
[Round "08"]
[TimeControl "180+1"]
[Date "2021.10.26"]
[WhiteClock "0:00:04"]
[BlackClock "0:00:03"]

1. h3 d5 2. g4 e5 3. Bg2 h5 4. g5 c6 5. d4 e4 6. c4 Bd6 7. Nc3 Ne7 8. h4 Bg4 9. Qb3 Na6 10. Qxb7 Nb4 11. c5 Rb8 12. Qxa7 Bc7 13. Qa4 O-O 14. a3 Na6 15. Nh3 Ra8 16. Qc2 Nf5 17. Qd1 Nb4 18. Ng1 Nd3+ 19. Kf1 Bg3 20. Nh3 Bxh4 21. Qc2 Nxd4 22. Qd1 Nf5 23. Qc2 Nxc5 24. Nf4 Bxg5 25. Nxh5 Ne6 26. b4 g6 27. Bxg5 Qxg5 28. Bxe4 Ned4 29. Qd3 Bxh5 30. Bg2 Ne6 31. Rg1 Qf6 32. Rc1 Kg7 33. b5 Rxa3 34. bxc6 Nf4 35. Qd2 Nxg2 36. Rxg2 Qxc6 37. Nxd5 Ra4 38. Rxc6 Ra1+ 39. Rc1 Rfa8 40. Qb2+ 1-0


[Site "https://www.chess.com"]

[Event "Titled Tuesday Blitz October 26 2021"]
[White "Cardoso Cardoso, Jose Gabriel"]
[Black "Potapova, Margarita"]
[WhiteFideId "4430492"]
[BlackFideId "14126869"]
[WhiteElo "2343"]
[BlackElo "2214"]
[Result "1/2-1/2"]
[Round "08"]
[TimeControl "180+1"]
[Date "2021.10.26"]
[WhiteClock "0:00:09"]
[BlackClock "0:00:08"]

1. d4 Nf6 2. Nc3 d5 3. Bf4 c5 4. e3 cxd4 5. exd4 a6 6. Nf3 Nc6 7. Ne5 e6 8. Nxc6 bxc6 9. Bd3 Bd6 10. Bxd6 Qxd6 11. Na4 O-O 12. O-O Nd7 13. Qh5 g6 14. Qg5 c5 15. dxc5 Nxc5 16. Nxc5 Qxc5 17. Qf6 Re8 18. c3 Qe7 19. Qxe7 Rxe7 20. f4 a5 21. Kf2 Ba6 22. Ke3 Bxd3 23. Kxd3 Rb8 24. b3 Kg7 25. a3 f6 26. b4 e5 27. fxe5 fxe5 28. Rab1 axb4 29. axb4 Rc8 30. b5 Rc5 31. Rb3 Rb7 32. Rfb1 Rb6 33. Rb4 Kf6 34. h3 Ke6 35. R4b3 e4+ 36. Ke3 Ke5 37. Kd2 h5 38. Ke2 g5 39. R1b2 h4 40. Rb1 Rc8 41. Ra3 Rcb8 42. Rab3 Kd6 43. g3 Kc5 44. gxh4 gxh4 45. Rg1 Rxb5 46. Rxb5+ Rxb5 47. Rg8 Rb2+ 48. Ke3 Rh2 49. Rc8+ Kb5 50. Kd4 Rd2+ 51. Ke5 e3 52. Kf4 e2 53. Re8 Kc4 54. Re3 Rc2 55. Kg4 d4 56. cxd4 Kxd4 57. Re8 Kd3 58. Kxh4 Rc4+ 59. Kg3 Kd2 60. Rd8+ Ke1 61. h4 Kf1 62. Rf8+ Kg1 63. Re8 Kf1 64. Rf8+ Kg1 65. Re8 Rc2 66. h5 Kf1 67. Rf8+ Kg1 68. Re8 Rc3+ 69. Kg4 Kf2 70. Rf8+ Kg2 71. Re8 Kf2 72. Rf8+ Kg2 73. Re8 Kf2 1/2-1/2


[Site "https://www.chess.com"]

[Event "Titled Tuesday Blitz October 26 2021"]
[White "Demidov, Mikhail"]
[Black "Mirzoev, Azer"]
[WhiteFideId "4197143"]
[BlackFideId "13400304"]
[WhiteElo "2527"]
[BlackElo "2525"]
[Result "1-0"]
[Round "08"]
[TimeControl "180+1"]
[Date "2021.10.26"]
[WhiteClock "0:02:31"]
[BlackClock "0:00:28"]

1. Nf3 d5 2. g3 Nf6 3. Bg2 c6 4. O-O Bg4 5. Ne5 Bh5 6. d4 Nbd7 7. c4 e6 8. Nc3 Be7 9. Qb3 Qb6 10. Nxd7 Nxd7 11. e4 dxe4 12. Nxe4 Nf6 13. Nc5 O-O 14. Be3 Qxb3 15. axb3 Bxc5 16. dxc5 Bg6 17. b4 Be4 18. f3 Bd3 19. Rfc1 Rfd8 20. Rc3 a6 21. Bf4 h6 22. Bd6 Bg6 23. Kf2 Ne8 24. Bf4 e5 25. Be3 1-0


[Site "https://www.chess.com"]

[Event "Titled Tuesday Blitz October 26 2021"]
[White "Dorokhin, Mykhailo"]
[Black "Nenezic, Marko"]
[WhiteFideId "14114178"]
[BlackFideId "912123"]
[WhiteElo "2280"]
[BlackElo "2484"]
[Result "0-1"]
[Round "08"]
[TimeControl "180+1"]
[Date "2021.10.26"]
[WhiteClock "0:00:13"]
[BlackClock "0:00:22"]

1. d4 Nf6 2. Nf3 g6 3. Bf4 Bg7 4. e3 O-O 5. h3 d6 6. Be2 b6 7. O-O Bb7 8. a4 a5 9. Nfd2 Na6 10. Bf3 d5 11. c4 c5 12. dxc5 Nxc5 13. Nc3 Rc8 14. Qe2 Re8 15. Be5 Ncd7 16. Bg3 Ba6 17. Nxd5 Nxd5 18. Bxd5 Nc5 19. Bf3 Bxb2 20. Ra2 Bg7 21. Rb1 Nd3 22. Qd1 Nb4 23. Ra3 Qd7 24. Bg4 f5 25. Be2 Red8 26. Nf3 Qxd1+ 27. Rxd1 Rxd1+ 28. Bxd1 Bxc4 29. Ne5 Bd5 30. Kh2 Rc1 31. Be2 Rc2 32. Bb5 g5 33. h4 gxh4 34. Bf4 Bf6 35. Kh3 Kg7 36. f3 Rc1 37. Nd7 Rh1+ 38. Bh2 Bg5 39. f4 Bf6 40. Nxb6 Be4 41. Nd7 Nd3 42. Nxf6 Nf2+ 43. Kxh4 Rxh2+ 44. Kg3 Rxg2+ 45. Kh4 Kxf6 46. Bf1 Rg1 47. Ra1 Bg2 48. Ra2 Rxf1 49. Kg3 Bd5 50. Rd2 Ne4+ 51. Kh4 Nxd2 52. Kh5 Nc4 53. e4 fxe4 0-1


[Site "https://www.chess.com"]

[Event "Titled Tuesday Blitz October 26 2021"]
[White "Gaehwiler, Gabriel"]
[Black "Koellner, Ruben Gideon"]
[WhiteFideId "1314530"]
[BlackFideId "12993093"]
[WhiteElo "2320"]
[BlackElo "2590"]
[Result "1-0"]
[Round "08"]
[TimeControl "180+1"]
[Date "2021.10.26"]
[WhiteClock "0:00:14"]
[BlackClock "0:00:15"]

1. d4 d6 2. g3 g6 3. Nf3 Bg7 4. Bg2 e5 5. dxe5 dxe5 6. Qxd8+ Kxd8 7. O-O c6 8. Rd1+ Kc7 9. Nbd2 f6 10. b3 Be6 11. Ba3 Nd7 12. Ne4 Bf8 13. Bxf8 Rxf8 14. Ne1 Ne7 15. Rd6 Bd5 16. Rd1 Nc8 17. Rxd7+ Kxd7 18. c4 f5 19. Nc3 Ne7 20. cxd5 cxd5 21. Nxd5 Nxd5 22. Rxd5+ Ke6 23. Nd3 e4 24. Nf4+ Kf6 25. Rb5 b6 26. h4 Rc8 27. a4 Rhd8 28. a5 Rc5 29. Rxc5 bxc5 30. f3 Rd1+ 31. Kf2 Ke5 32. fxe4 fxe4 33. Ke3 Rd4 34. Bh3 Rb4 35. Be6 Rb5 36. a6 Rb6 37. Bc4 Rd6 38. Nh3 Rd4 39. Nf2 Kf5 40. g4+ Ke5 41. Nh3 h6 42. g5 hxg5 43. Nxg5 Kf5 44. Nf7 Kg4 45. Ne5+ Kh5 46. Nc6 Rd6 47. Nxa7 Kxh4 48. Nc8 Rd8 49. Nb6 g5 50. a7 g4 51. a8=Q Rxa8 52. Nxa8 g3 53. Bd5 g2 54. Kf2 e3+ 55. Kxg2 Kg4 56. Nb6 Kf4 57. Bf3 Ke5 58. Nc4+ Kd4 59. Kg3 Kc3 60. Nxe3 Kd2 61. Kf4 Kc3 62. Nd5+ Kxb3 63. e4 c4 64. e5 c3 65. Nxc3 Kxc3 66. e6 Kd4 67. e7 Kc5 68. e8=Q Kd6 69. Qc6+ Ke7 70. Ke5 Kf7 71. Qf6+ Kg8 72. Qg5+ Kf7 73. Bh5+ Kf8 74. Qf6+ Kg8 75. Bf7+ Kh7 76. Qg6+ Kh8 77. Qh6# 1-0


[Site "https://www.chess.com"]

[Event "Titled Tuesday Blitz October 26 2021"]
[White "Gokerkan, Cem Kaan"]
[Black "Zheng, Andrew"]
[WhiteFideId "6336760"]
[BlackFideId "2076810"]
[WhiteElo "2382"]
[BlackElo "2175"]
[Result "1-0"]
[Round "08"]
[TimeControl "180+1"]
[Date "2021.10.26"]
[WhiteClock "0:02:17"]
[BlackClock "0:00:21"]

1. e4 c5 2. Nf3 d6 3. d4 cxd4 4. Nxd4 Nf6 5. Nc3 a6 6. Bg5 e6 7. f4 Be7 8. Qf3 Qc7 9. O-O-O Nbd7 10. g4 b5 11. Bxf6 Nxf6 12. g5 Nd7 13. f5 Bxg5+ 14. Kb1 Ne5 15. Qh5 Be3 16. Nxe6 Bxe6 17. fxe6 O-O 18. Nd5 Qa7 19. e7 Rfe8 20. h4 Rac8 21. Bh3 Rc4 22. Bf5 h6 23. Rh3 Bc5 24. Nf6+ Kh8 25. Nxe8 Qxe7 26. Nxg7 Kxg7 27. Rg3+ 1-0


[Site "https://www.chess.com"]

[Event "Titled Tuesday Blitz October 26 2021"]
[White "Gupta, Abhijeet"]
[Black "Costachi, Mihnea"]
[WhiteFideId "5010608"]
[BlackFideId "1217518"]
[WhiteElo "2549"]
[BlackElo "2482"]
[Result "1-0"]
[Round "08"]
[TimeControl "180+1"]
[Date "2021.10.26"]
[WhiteClock "0:00:22"]
[BlackClock "0:00:10"]

1. Nf3 Nf6 2. g3 g6 3. b3 Bg7 4. Bb2 O-O 5. Bg2 d6 6. d4 e5 7. dxe5 Ng4 8. c4 Nxe5 9. Nc3 Nbc6 10. O-O Nxf3+ 11. exf3 Bf5 12. Qd2 Nd4 13. Nd5 c5 14. f4 Qd7 15. Rfe1 Bh3 16. Re7 Qg4 17. Bxd4 cxd4 18. Rae1 Bxg2 19. Kxg2 Rab8 20. h3 Qh5 21. a4 a6 22. a5 Kh8 23. Qd3 Kg8 24. Qf3 Qxf3+ 25. Kxf3 h5 26. Ke2 Rfe8 27. Kd3 Rxe7 28. Rxe7 h4 29. g4 Bf8 30. Rd7 Kg7 31. Kxd4 Re8 32. Ne3 Rb8 33. Nd5 Re8 34. Rxb7 Re1 35. b4 Rh1 36. b5 Rxh3 37. bxa6 Ra3 38. Rb1 Rxa5 39. Nc7 d5 40. cxd5 g5 41. fxg5 Kg6 42. f4 Bd6 43. Rb6 Ra4+ 44. Kc3 Rxf4 45. Rxd6+ Kxg5 46. a7 Ra4 47. Ra6 Rxa6 48. Nxa6 h3 49. a8=Q Kxg4 50. d6 h2 51. d7 h1=Q 52. Qxh1 1-0


[Site "https://www.chess.com"]

[Event "Titled Tuesday Blitz October 26 2021"]
[White "Hambleton, Aman"]
[Black "atbenina64"]
[WhiteFideId "2606577"]
[WhiteElo "2552"]
[BlackElo "2595"]
[Result "0-1"]
[Round "08"]
[TimeControl "180+1"]
[Date "2021.10.26"]
[WhiteClock "0:00:02"]
[BlackClock "0:00:46"]

1. d4 Nf6 2. Bf4 g6 3. Nc3 d5 4. e3 Bg7 5. h4 O-O 6. h5 c5 7. hxg6 hxg6 8. Nf3 Nc6 9. Qd2 Ne4 10. Nxe4 dxe4 11. Ne5 Nxe5 12. dxe5 Qxd2+ 13. Kxd2 Rd8+ 14. Kc3 Be6 15. a4 c4 16. Bxc4 Rac8 17. b3 Bxc4 18. bxc4 Rc5 19. Rad1 Rdc8 20. Rd4 f5 21. Kb3 a6 22. Rhd1 Kf7 23. g3 b5 24. axb5 axb5 25. cxb5 Rc3+ 26. Kb4 Rxc2 27. R1d2 Rc1 28. Rb2 e6 29. g4 Bf8+ 30. Kb3 R8c3+ 31. Ka2 Ra3# 0-1


[Site "https://www.chess.com"]

[Event "Titled Tuesday Blitz October 26 2021"]
[White "Ibarra Jerez, Jose Carlos"]
[Black "Kosteniuk, Alexandra"]
[WhiteFideId "2226332"]
[BlackFideId "4128125"]
[WhiteElo "2626"]
[BlackElo "2521"]
[Result "1-0"]
[Round "08"]
[TimeControl "180+1"]
[Date "2021.10.26"]
[WhiteClock "0:00:05"]
[BlackClock "0:00:01"]

1. d4 Nf6 2. Bf4 d5 3. e3 c5 4. Nf3 Nc6 5. Nbd2 cxd4 6. exd4 Bf5 7. Bb5 e6 8. O-O Qb6 9. c4 Be7 10. a4 O-O 11. c5 Qd8 12. Bxc6 bxc6 13. Ne5 Qc8 14. b4 Nd7 15. b5 Nxe5 16. Bxe5 f6 17. Bg3 e5 18. Nb3 Bd7 19. b6 axb6 20. cxb6 Qa6 21. a5 Bf5 22. dxe5 fxe5 23. Bxe5 Bd3 24. Qg4 Rf7 25. Rfe1 Bc4 26. Nd4 Bc5 27. Qe6 Bxb6 28. Nf5 Bxf2+ 29. Kxf2 Qc8 30. Qxc8+ Rxc8 31. g4 g6 32. a6 gxf5 33. a7 fxg4+ 34. Kg3 Ra8 35. Bd4 c5 36. Bxc5 d4 37. Bxd4 Bd5 38. Re5 Bf3 39. Rg5+ Kf8 40. Bc5+ Ke8 41. Ra6 Kd7 42. Rd6+ Kc7 43. Rd4 h6 44. Rg6 h5 45. Rh6 Rf5 46. Bd6+ Kb7 47. Bb8 Bh1 48. Rb4+ Kc8 49. Rh8+ Kd7 50. Rd4+ Kc6 51. Rf4 Ra5 52. Rf2 Ra3+ 53. Kh4 Rh3+ 54. Kg5 Bf3 55. Rxh5 Rxh5+ 56. Kxh5 Kd7 57. Kh4 Ke6 58. Kg3 Kf5 59. h4 Kg6 60. Rd2 Kh5 61. Rd6 Be4 62. Rd8 Bf3 63. Rh8+ Kg6 64. h5+ Kg7 65. Be5+ Kf7 66. Rh7+ Ke6 67. Bb8 Kf5 68. Rg7 Kf6 69. h6 Be4 70. Rxg4 Bg6 71. Kf4 Bf5 72. Rg7 Bg6 73. Kg4 Bf5+ 74. Kh5 Be6 75. Rg6+ Kf7 76. Rxe6 1-0


[Site "https://www.chess.com"]

[Event "Titled Tuesday Blitz October 26 2021"]
[White "Indjic, Aleksandar"]
[Black "Aradhya, Garg"]
[WhiteFideId "911925"]
[BlackFideId "25006746"]
[WhiteElo "2643"]
[BlackElo "2146"]
[Result "1-0"]
[Round "08"]
[TimeControl "180+1"]
[Date "2021.10.26"]
[WhiteClock "0:01:20"]
[BlackClock "0:01:12"]

1. e4 e5 2. Nf3 Nc6 3. Bb5 a6 4. Ba4 Bc5 5. c3 Nf6 6. d4 exd4 7. e5 Ne4 8. O-O d5 9. cxd4 Ba7 10. h3 O-O 11. Nc3 Be6 12. Re1 Nxc3 13. bxc3 Ne7 14. Bc2 Bf5 15. Bg5 Qd7 16. Nh4 Bxc2 17. Qxc2 Rae8 18. Re3 c5 19. Bxe7 Rxe7 20. Rd1 f6 21. Nf5 Re6 22. Rde1 cxd4 23. cxd4 fxe5 24. Rxe5 Rxe5 25. Rxe5 Kh8 26. Ne7 Bb8 27. Qxh7+ Kxh7 28. Rh5# 1-0


[Site "https://www.chess.com"]

[Event "Titled Tuesday Blitz October 26 2021"]
[White "Iskusnyh, Sergei"]
[Black "Urazayev, Arystanbek"]
[WhiteFideId "4120027"]
[BlackFideId "13709810"]
[WhiteElo "2492"]
[BlackElo "2321"]
[Result "0-1"]
[Round "08"]
[TimeControl "180+1"]
[Date "2021.10.26"]
[WhiteClock "0:00:09"]
[BlackClock "0:01:23"]

1. d4 d5 2. c4 e6 3. Nf3 Nf6 4. g3 dxc4 5. Bg2 a6 6. O-O b5 7. a4 Bb7 8. axb5 axb5 9. Rxa8 Bxa8 10. Nc3 b4 11. Nb5 Be7 12. Bf4 Nd5 13. Qa4 Bc6 14. Ne5 O-O 15. Nxc6 Nxc6 16. Nxc7 Nxd4 17. Nxd5 Nxe2+ 18. Kh1 exd5 19. Be5 d4 20. Qb5 Qc8 21. Bb7 Qe6 22. Bd5 Qh3 23. Rd1 Qh5 24. Kg2 Nf4+ 25. Bxf4 Qxd1 26. Qxc4 d3 27. Be4 Qc2 28. Bxd3 Qxc4 29. Bxc4 Rc8 30. b3 Rxc4 31. bxc4 b3 32. Bc1 Bf6 33. c5 Kf8 34. c6 Ke8 35. Kf3 b2 36. Bxb2 Bxb2 37. Ke4 Kd8 38. Kd5 Kc7 39. f4 Ba3 40. g4 Bd6 41. f5 Bxh2 42. g5 h5 43. gxh6 gxh6 44. f6 h5 0-1


[Site "https://www.chess.com"]

[Event "Titled Tuesday Blitz October 26 2021"]
[White "Kobalia, Mikhail"]
[Black "Jobava, Baadur"]
[WhiteFideId "4119150"]
[BlackFideId "13601520"]
[WhiteElo "2590"]
[BlackElo "2731"]
[Result "0-1"]
[Round "08"]
[TimeControl "180+1"]
[Date "2021.10.26"]
[WhiteClock "0:00:01"]
[BlackClock "0:00:11"]

1. e4 e6 2. d3 d5 3. Nd2 c5 4. Ngf3 Nc6 5. g3 g6 6. Bg2 Bg7 7. O-O Nge7 8. Re1 O-O 9. c3 b5 10. exd5 exd5 11. Nb3 c4 12. Nc5 cxd3 13. Nxd3 a5 14. Nde5 b4 15. Nxc6 Nxc6 16. Bg5 Qd7 17. Nd4 Ne5 18. h3 Ba6 19. Re3 Rfe8 20. Nb3 Bc4 21. Nd2 Bb5 22. Nb3 Bc6 23. Nd4 Bb7 24. a3 bxc3 25. bxc3 h6 26. Bf4 Nc4 27. Rxe8+ Rxe8 28. a4 g5 29. Bc1 Nd6 30. Rb1 Ne4 31. Qc2 Rc8 32. Bxe4 dxe4 33. Be3 Bd5 34. Qe2 Qxh3 35. Nb5 Be6 36. Rc1 Bg4 37. Qf1 Qh5 38. Qg2 Bf3 39. Qh2 Qg4 40. c4 h5 41. c5 Be5 42. c6 h4 43. Na7 hxg3 0-1


[Site "https://www.chess.com"]

[Event "Titled Tuesday Blitz October 26 2021"]
[White "Krivonosov, Oleg"]
[Black "Guliev, Logman"]
[WhiteFideId "11600349"]
[BlackFideId "13400061"]
[WhiteElo "2469"]
[BlackElo "2128"]
[Result "1/2-1/2"]
[Round "08"]
[TimeControl "180+1"]
[Date "2021.10.26"]
[WhiteClock "0:00:45"]
[BlackClock "0:00:26"]

1. Nf3 Nf6 2. c4 e6 3. g3 d5 4. d4 Be7 5. Bg2 O-O 6. O-O c5 7. cxd5 exd5 8. Nc3 h6 9. dxc5 Bxc5 10. Na4 Be7 11. Be3 Bg4 12. h3 Be6 13. Nc5 Bf5 14. Nxb7 Qc8 15. Na5 Bxh3 16. Rc1 Qf5 17. Bd4 Qh5 18. Qa4 Nbd7 19. Bxf6 Nxf6 20. Nc6 Bd6 21. Qh4 Qxh4 22. Nxh4 Bxg2 23. Kxg2 Rfe8 24. Nf5 Bf8 25. e3 g6 26. Nfd4 Ng4 27. Rfd1 a6 28. b4 Rac8 29. a4 Rc7 30. b5 axb5 31. axb5 Rb7 32. Rc3 Ra8 33. Rdc1 Ra2 34. R3c2 Ra3 35. Rc3 Ra2 36. R1c2 Ra1 37. Rc1 Ra2 1/2-1/2


[Site "https://www.chess.com"]

[Event "Titled Tuesday Blitz October 26 2021"]
[White "Lazavik, Denis"]
[Black "Djordjevic, Vuk"]
[WhiteFideId "13515110"]
[BlackFideId "902098"]
[WhiteElo "2436"]
[BlackElo "2463"]
[Result "0-1"]
[Round "08"]
[TimeControl "180+1"]
[Date "2021.10.26"]
[WhiteClock "0:00:01"]
[BlackClock "0:00:08"]

1. d4 Nf6 2. c4 e6 3. Nf3 b6 4. g3 Ba6 5. b3 Bb4+ 6. Bd2 Be7 7. Nc3 d5 8. cxd5 exd5 9. Bg2 O-O 10. O-O Re8 11. Ne5 c6 12. Rc1 Bd6 13. Bf4 Nh5 14. Qd2 Nxf4 15. gxf4 Re6 16. Rfe1 Nd7 17. e4 dxe4 18. Nxe4 Nxe5 19. fxe5 Be7 20. f4 Rh6 21. f5 Bb7 22. f6 Bf8 23. fxg7 Bxg7 24. Ng3 Qd7 25. Kh1 Rd8 26. Rcd1 Qg4 27. Qf2 Bc8 28. Rf1 f6 29. Bf3 Qh4 30. exf6 Rxf6 31. Qg2 Kh8 32. Bxc6 Bh3 33. Qe4 Qxe4+ 34. Bxe4 Bxf1 35. Nxf1 Rf4 36. Ng3 Rxd4 37. Rc1 Rd8 38. Rc7 Rf2 0-1


[Site "https://www.chess.com"]

[Event "Titled Tuesday Blitz October 26 2021"]
[White "Martinez Alcantara, Jose Eduardo"]
[Black "Bacrot, Etienne"]
[WhiteFideId "3805662"]
[BlackFideId "605506"]
[WhiteElo "2690"]
[BlackElo "2673"]
[Result "1-0"]
[Round "08"]
[TimeControl "180+1"]
[Date "2021.10.26"]
[WhiteClock "0:00:04"]
[BlackClock "0:00:17"]

1. e4 e5 2. Nf3 Nc6 3. Bb5 Nf6 4. d3 Bc5 5. O-O Nd4 6. Be3 Nxf3+ 7. Qxf3 Bxe3 8. fxe3 Qe7 9. Nc3 c6 10. Bc4 d6 11. h3 Be6 12. Rf2 Rd8 13. Raf1 O-O 14. Qg3 Nh5 15. Qf3 Nf6 16. Bb3 Kh8 17. Ne2 d5 18. exd5 cxd5 19. Qg3 Qd6 20. Qh4 Ng8 21. d4 exd4 22. Nxd4 Ne7 23. Nxe6 Qxe6 24. e4 Ng6 25. exd5 Qe5 26. Qb4 f5 27. c3 f4 28. Bc2 Nh4 29. Rxf4 Qe3+ 30. Kh2 Qe5 31. Qd4 Qd6 32. g3 Ng6 33. Bxg6 hxg6 34. Rxf8+ Rxf8 35. Rxf8+ Qxf8 36. d6 Qf3 37. Qd2 Qf4 38. gxf4 1-0


[Site "https://www.chess.com"]

[Event "Titled Tuesday Blitz October 26 2021"]
[White "Mikhailovsky, Vladimir"]
[Black "Bluebaum, Matthias"]
[WhiteFideId "34105414"]
[BlackFideId "24651516"]
[WhiteElo "2402"]
[BlackElo "2681"]
[Result "0-1"]
[Round "08"]
[TimeControl "180+1"]
[Date "2021.10.26"]
[WhiteClock "0:00:01"]
[BlackClock "0:00:22"]

1. c4 e5 2. Nc3 Bb4 3. g3 Bxc3 4. dxc3 d6 5. Bg2 f5 6. e4 fxe4 7. Nh3 Nf6 8. Ng5 Bf5 9. Qe2 O-O 10. Nxe4 Bxe4 11. Bxe4 Nxe4 12. Qxe4 Nc6 13. Be3 Qf6 14. c5 Qe6 15. c4 Nd4 16. Bxd4 Qxc4 17. cxd6 exd4 18. d7 Rad8 19. Qxb7 Rxd7 20. Qb3 Re7+ 21. Kd1 Qxb3+ 22. axb3 Rxf2 23. Re1 Rxe1+ 24. Kxe1 Rxh2 25. Rxa7 Rxb2 26. Rxc7 Rxb3 27. Kf2 h6 28. Rd7 d3 29. Kf3 d2+ 30. Kf4 Rb2 31. g4 Kh7 32. Kf5 Rb4 33. Rxd2 g6+ 34. Ke6 Re4+ 35. Kf6 Rf4+ 36. Ke6 g5 37. Rg2 Kg6 38. Ke5 Rb4 39. Rg1 Ra4 40. Rg2 h5 41. gxh5+ Kxh5 42. Kf5 Rf4+ 43. Ke5 Ra4 44. Kf5 Rf4+ 45. Ke5 Rf8 46. Ke4 Kh4 47. Ke3 g4 48. Rg1 Kh3 49. Rh1+ Kg2 50. Rh7 g3 51. Ke2 Kg1 52. Rg7 g2 53. Rg6 Rh8 54. Kf3 Kh1 55. Kf2 Rf8+ 56. Ke2 g1=Q 57. Rh6+ Qh2+ 58. Rxh2+ Kxh2 0-1


[Site "https://www.chess.com"]

[Event "Titled Tuesday Blitz October 26 2021"]
[White "Obolenskikh, Dmitry"]
[Black "Kamsky, Gata"]
[WhiteFideId "4156013"]
[BlackFideId "2000024"]
[WhiteElo "2541"]
[BlackElo "2603"]
[Result "1/2-1/2"]
[Round "08"]
[TimeControl "180+1"]
[Date "2021.10.26"]
[WhiteClock "0:00:52"]
[BlackClock "0:00:59"]

1. Nf3 g6 2. e4 Bg7 3. d4 b6 4. c4 Bb7 5. Nc3 d6 6. Be2 e6 7. O-O Nd7 8. Be3 Ngf6 9. Nd2 O-O 10. d5 Re8 11. Qc2 c6 12. dxc6 Bxc6 13. Rfd1 Rc8 14. Nb3 Qc7 15. Nd4 a6 16. Nxc6 Qxc6 17. Rac1 Nc5 18. f3 Red8 19. b4 Ncd7 20. Qb3 Ne5 21. Na4 Ned7 22. b5 Qc7 23. bxa6 Nc5 24. Nxc5 bxc5 25. Qb7 Ne8 26. Rb1 Qa5 27. Qb5 Qxa2 28. Rd2 Qa3 29. Rd3 Qa2 30. Rd2 Qa3 31. Rd3 Qa2 32. Rd2 1/2-1/2


[Site "https://www.chess.com"]

[Event "Titled Tuesday Blitz October 26 2021"]
[White "Obregon, Andres Carlos"]
[Black "Rostovtsev, Dmitry"]
[WhiteFideId "111724"]
[BlackFideId "34278320"]
[WhiteElo "2572"]
[BlackElo "2294"]
[Result "1-0"]
[Round "08"]
[TimeControl "180+1"]
[Date "2021.10.26"]
[WhiteClock "0:01:23"]
[BlackClock "0:00:15"]

1. c4 c6 2. Nf3 d5 3. cxd5 cxd5 4. d4 Nf6 5. Nc3 Nc6 6. Bf4 a6 7. Rc1 Bf5 8. Ne5 e6 9. e3 Nxe5 10. Bxe5 Bd6 11. Bxf6 gxf6 12. Bd3 Bg6 13. h4 Rc8 14. O-O Bxd3 15. Qxd3 f5 16. g3 Rg8 17. Nxd5 Rxc1 18. Rxc1 Bxg3 19. Nf6+ Qxf6 20. Rc8+ Kd7 21. Rxg8 Bd6 22. Qc2 Bc7 23. Qa4+ b5 24. Qxa6 Qxh4 25. Qxb5+ Ke7 26. Qb7 Qh2+ 27. Kf1 Qh1+ 28. Qxh1 1-0


[Site "https://www.chess.com"]

[Event "Titled Tuesday Blitz October 26 2021"]
[White "Piesik, Piotr"]
[Black "Pultinevicius, Paulius"]
[WhiteFideId "1136194"]
[BlackFideId "12809390"]
[WhiteElo "2336"]
[BlackElo "2467"]
[Result "1-0"]
[Round "08"]
[TimeControl "180+1"]
[Date "2021.10.26"]
[WhiteClock "0:01:37"]
[BlackClock "0:01:39"]

1. Nf3 Nf6 2. g3 d5 3. Bg2 c6 4. O-O Bf5 5. c4 e6 6. cxd5 exd5 7. d3 Ke7 8. Nc3 h6 9. Qb3 Qb6 10. Qc2 Nbd7 11. e4 dxe4 12. dxe4 Bh7 13. Be3 Qa5 14. Rfe1 Ke8 15. Nd4 Be7 16. a3 Qh5 17. h3 Ne5 18. f4 Nc4 19. Bf2 Rd8 20. Rad1 g5 21. Nf5 Bxf5 22. exf5 gxf4 23. Rxd8+ Kxd8 24. Qd3+ Nd6 25. g4 Qg5 26. Bc5 Ne8 27. Ne4 Qh4 28. Bf2 1-0


[Site "https://www.chess.com"]

[Event "Titled Tuesday Blitz October 26 2021"]
[White "Rozen, Eytan"]
[Black "Cunjalo, Faris"]
[WhiteFideId "2816750"]
[BlackFideId "14410710"]
[WhiteElo "2115"]
[BlackElo "2234"]
[Result "0-1"]
[Round "08"]
[TimeControl "180+1"]
[Date "2021.10.26"]
[WhiteClock "0:00:01"]
[BlackClock "0:00:44"]

1. c4 e6 2. g3 d5 3. Bg2 Nf6 4. Nf3 dxc4 5. O-O a6 6. a4 c5 7. Na3 Nc6 8. Nxc4 Be7 9. d3 O-O 10. a5 Nd5 11. Bd2 Bd7 12. e4 Ndb4 13. Bc3 Bf6 14. e5 Be7 15. Nb6 Rb8 16. d4 cxd4 17. Nxd4 Nxd4 18. Nxd7 Qxd7 19. Qxd4 Qxd4 20. Bxd4 Nc2 21. Rad1 Nxd4 22. Rxd4 b6 23. axb6 Rxb6 24. Ra4 Rd8 25. Bf3 Rd2 26. Rc1 g6 27. Rc8+ Bd8 28. b4 Kg7 29. h4 Rb5 30. Rxa6 Bb6 31. Kh1 Rxf2 32. Bc6 Rxb4 33. Raa8 Rb1# 0-1


[Site "https://www.chess.com"]

[Event "Titled Tuesday Blitz October 26 2021"]
[White "Schmakel, Sam"]
[Black "Maksimovic, Bojan"]
[WhiteFideId "2039311"]
[BlackFideId "14408120"]
[WhiteElo "2356"]
[BlackElo "2439"]
[Result "0-1"]
[Round "08"]
[TimeControl "180+1"]
[Date "2021.10.26"]
[WhiteClock "0:00:02"]
[BlackClock "0:00:25"]

1. Nf3 g6 2. g3 Bg7 3. Bg2 d6 4. c4 e5 5. Nc3 f5 6. d4 e4 7. Ng5 h6 8. Nh3 Nc6 9. e3 Nf6 10. Nf4 Ne7 11. f3 exf3 12. Qxf3 O-O 13. O-O g5 14. Nh5 Nxh5 15. Qxh5 c6 16. Qd1 Bd7 17. e4 Qe8 18. Be3 Qg6 19. Qd2 Rae8 20. Rae1 Bc8 21. d5 c5 22. Nb5 fxe4 23. Rxf8+ Rxf8 24. Nxa7 Bg4 25. Nb5 Bf3 26. Rf1 g4 27. Bf4 Nf5 28. Bxf3 gxf3 29. Re1 Re8 30. Qc2 Nd4 31. Qf2 Qg4 32. Be3 Ne2+ 33. Kh1 Be5 34. Nc7 Rf8 35. Ne6 Rf5 36. Nf4 Bxf4 37. gxf4 Rh5 38. a3 Kh7 39. b4 b6 40. bxc5 bxc5 41. a4 Ng3+ 42. Kg1 Nf5+ 43. Kh1 Nxe3 44. Rxe3 Qxf4 45. a5 Rf5 46. a6 Qxe3 47. Qxe3 f2 48. Qe2 f1=Q+ 0-1


[Site "https://www.chess.com"]